 Dungeon Crawl Stone Soup version 0.29-a0-506-ga2e7fffb44 (webtiles) character file.

Game seed: 16214456340400229816

149069 NateTC the Warrior (level 17, -19/255 HPs)
             Began as a Hill Orc Fighter on May 29, 2022.
             Was a High Priest of Trog.
             Shot with an arrow by a satyr (22 damage)
             ... on level 2 of the Shoals.
             The game lasted 01:32:38 (24647 turns).

NateTC the Warrior (Hill Orc Fighter)              Turns: 24647, Time: 01:32:39

Health: -19/255    AC: 28    Str: 32    XL:     17   Next: 50%
Magic:  0/17       EV:  2    Int:  9    God:    Trog [*****.]
Gold:   1660       SH: 11    Dex: 10    Spells: 16/16 levels left

rFire   + . .      SeeInvis .   b - +8 spear "Bimameko" {spect, Will+ rCorr}
rCold   + . .      Faith    .   v - +0 kite shield
rNeg    . . .      Spirit   +   (body armour currently unavailable)
rPois   +          Reflect  .   (helmet currently unavailable)
rElec   +          Harm     .   (cloak currently unavailable)
rCorr   +          Rampage  .   (gloves currently unavailable)
Will    ++++.      NoTele   +   (boots currently unavailable)
Stlth   +.........              j - amulet "Wirchoesi" {Spirit Dex+3}
HPRegen 1.52/turn               V - ring of flight
MPRegen 0.15/turn               T - ring "Dass" {rPois Str+5 Int+3 Dex-3}

@: mighty, tree-form (expiring), resistant, engulfed, strong-willed, mesmerised,
regenerating, studying Armour, invisible
A: stationary, stasis, torment immunity, boosted hp, dopey 1
a: Renounce Religion, Berserk, Trog's Hand, Brothers in Arms


You were on level 2 of the Shoals.
You worshipped Trog.
Trog was extremely pleased with you.
You were a tree.
You visited 4 branches of the dungeon, and saw 23 of its levels.
You also visited: Sewer and Ice Cave.

You collected 1812 gold pieces.
You spent 152 gold pieces at shops.

Inventory:

Hand Weapons
 b - the +8 spear "Bimameko" (weapon) {spect, Will+ rCorr}
   (You found it on level 3 of the Dungeon)

   When its wielder attacks, the weapon's spirit leaps out and strikes again.
   The spirit shares a part of any damage it takes with its wielder.
   rCorr:     It protects you from acid and corrosion.
   Will:      It increases your willpower.
 S - a +2 demon trident
 X - a +6 halberd
Missiles
 Y - a throwing net (quivered)
Armour
 e - a scarf of resistance (melded)
 f - a +2 helmet (melded)
 g - a +1 pair of gloves (melded)
 v - a +0 kite shield (worn)
 z - a +2 cloak
 G - a +5 plate armour (melded)
 Q - a +0 pair of boots (melded)
Jewellery
 j - the amulet "Wirchoesi" (around neck) {Spirit Dex+3}
   (You found it on level 6 of the Dungeon)

   [amulet of guardian spirit]

   It causes incoming damage to be divided between your reserves of health and
   magic.
   Dex:       It affects your dexterity (+3).
 k - a ring of protection from fire
 o - a +4 ring of evasion
 F - a +6 ring of strength
 I - a ring of protection from cold
 J - an amulet of the acrobat
 N - the ring of Shadows {Umbra +Inv Stlth+}
   (You found it on level 5 of the Lair of Beasts)

   [ring of stealth]

   It surrounds you with an aura of shadow, increasing your stealth and reducing
   the accuracy of all others within it.
   +Inv:      It lets you turn invisible.
   Stlth:     It makes you more stealthy.
 O - a ring of protection from fire
 P - a ring of resist corrosion
 R - a +6 ring of strength
 T - the ring "Dass" (right branch) {rPois Str+5 Int+3 Dex-3}
   (You found it on level 14 of the Dungeon)

   [ring of poison resistance]

   Str:       It affects your strength (+5).
   Int:       It affects your intelligence (+3).
   Dex:       It affects your dexterity (-3).
   rPois:     It protects you from poison.
 U - a +6 ring of strength
 V - a ring of flight (left branch)
 W - a ring of protection from fire
Wands
 a - a wand of flame (26)
 y - a wand of charming (16)
 B - a wand of paralysis (14)
 H - a wand of digging (10)
 M - a wand of mindburst (11)
Scrolls
 d - 3 scrolls of magic mapping
 l - 5 scrolls of teleportation
 m - 2 scrolls of summoning
 q - a scroll of fear
 r - 5 scrolls of identify
 u - 6 scrolls of fog
 D - 5 scrolls of blinking
 K - a scroll of poison
Potions
 c - 2 potions of resistance
 i - a potion of curing
 p - 2 potions of mutation
 s - 6 potions of magic
 t - 5 potions of attraction
 w - a potion of haste
 x - 3 potions of might
 A - 3 potions of lignification
 C - 5 potions of invisibility
 E - 5 potions of flight
Miscellaneous
 L - a box of beasts


   Skills:
 - Level 20.3 Fighting
 - Level 7.0(11.1) Axes
 - Level 11.3(12.0) Polearms
 - Level 18.0 Armour
 - Level 8.4 Dodging
 - Level 12.1 Shields
 * Level 9.0 Evocations


You had 16 spell levels left.
You didn't know any spells.
Your spell library contained the following spells:

 Spells                   Type           Power      Damage    Failure   Level
 Beastly Appendage        Tmut           0%         N/A       63%         1
 Ensorcelled Hibernation  Hex/Ice        0%         N/A       77%         2
 Wereblood                Tmut           0%         N/A       77%         2
 Spider Form              Tmut/Pois      0%         N/A       94%         3
 Anguish                  Hex/Necr       0%         N/A       100%        4


Dungeon Overview and Level Annotations

Branches:
Dungeon (14/15)            Temple (1/1) D:4            Lair (6/6) D:9
 Shoals (2/4) Lair:2       Spider (0/4) Lair:4        Slime (0/5) Lair:6
    Orc (0/2) D:10         Vaults (0/5) D:13          Sewer (visited)
  IceCv (visited)

Altars:
Ashenzari
Cheibriados
Dithmenos
Elyvilon
Fedhas
Gozag
Hepliaklqana
Kikubaaqudgha
Makhleb
Nemelex Xobeh
Okawaru
Qazlal
Ru
Sif Muna
Trog
Uskayaw
Vehumet
Wu Jian
Xom
Yredelemnul
Zin
The Shining One
Beogh
Jiyva

Shops:
D:13 (   Shoals:1 (*

Annotations:
D:11 3 runed translucent doors, happo123's ghost, journeyman GrEE
D:12 2 transporters, jlumianski's ghost, journeyman DsFi
Lair:6 2 transporters, IEatYoBabies's ghost, journeyman OpVM


Innate Abilities, Weirdness & Mutations

You are a tree.
Your roots penetrate the ground, keeping you stationary.
You cannot be teleported.
You are immune to unholy pain and torment.
Your maximum health is greatly increased.
Your equipment is partially melded.
You are dopey. (Int -2)


Message History

Trog appreciates your killing of a magic user.
Your dream sheep splashes around in the water.
You feel better. The water elemental hits you.
The merfolk avatar chants a haunting song.
Your snapping turtle is engulfed in poison gas.
Your snapping turtle looks even sicker.
Your snapping turtle bites the snapping turtle!
The centaur warrior is engulfed in poison gas.
The centaur warrior looks even sicker.
The centaur warrior shoots an arrow.
The arrow hits the faun!
The faun hits you but does no damage.
Your dream sheep splashes around in the water.
Okay, then.
Your skin crawls.
You feel strong-willed.
The faun shouts!
The centaur warrior is engulfed in poison gas.
The centaur warrior looks even sicker.
The centaur warrior shoots an arrow.
The arrow hits the faun!!
The faun dies!
You hear a splash. x2
The merfolk avatar chants its luring song.
The water elemental hits you.
Your dream sheep bites the merfolk avatar.
The satyr plays a lulling melody on his pipes!
Your dream sheep falls asleep!
Your snapping turtle is engulfed in poison gas.
Your snapping turtle looks as sick as possible!
Your snapping turtle completely misses the snapping turtle.
The snapping turtle bites you but does no damage.
The merfolk is engulfed in poison gas.
The merfolk looks even sicker.
The centaur warrior is engulfed in poison gas.
The centaur warrior looks as sick as possible!
The centaur warrior shoots an arrow.
The arrow hits the plant!
The merfolk avatar is engulfed in poison gas.
The merfolk avatar looks as sick as possible!
Your deep troll goes berserk!
The water elemental hits you!
* * * LOW HITPOINT WARNING * * *
The satyr shoots an arrow.
The arrow hits you!!
You die...

...≈≈§§○# §☼§§§≈
.....≈§§##○§§☼§≈
≈≈≈.≈≈§☼§#☼☼§§§≈
...≈≈≈m§§☼§○§§☼.
P..§≈§m§§§§§○§§≈
#.≈≈≈Y☼§§§§○§§≈
#.≈≈YC§§t○☼§○§≈
#.§§mE♣tc○§§§§≈
#P..Y○§T§§§§§§§≈
#PP§§○§§§☼○P§☼☼.
§PP§§§P≈<§§§§.§.
..Pc§.≈≈≈$§##☼○.
...c§.≈≈≈P## §P
§##§≈P..... P
#☼§.....P.P
....##P...PP


You could see 2 merfolk avatars, a satyr (can't see you, skewered), a snapping
turtle (can't see you, ally target), a merfolk (can't see you, very poisoned), a
centaur warrior (can't see you, extremely poisoned), a faun (wandering, strong,
can't see you), a water elemental (can't see you, weak-willed), a friendly
snapping turtle (summoned, extremely poisoned), a friendly deep troll (summoned,
berserk), a friendly cyclops (summoned) and 3 friendly dream sheep.

Vanquished Creatures
  Rupert (Lair:6)
  Frances (Shoals:1)
  Kirke (Lair:6)
  Agnes (D:14)
  Roxanne (D:14)
  A frost giant (IceCv)
  A merfolk javelineer (Shoals:1)
  Josephine (Lair:6)
  4 vault guards (D:13)
  8 hydras
  6 two-headed ogres
  5 centaur warriors
  2 merfolk aquamancers (Shoals:1)
  A catoblepas (Lair:4)
  12 death yaks
  Nergalle (Lair:2)
  Urug (Lair:3)
  Sonja (D:12)
  4 skeletal warriors (D:12)
  11 sea snakes
  An orc knight (D:11)
  9 harpies (Shoals:1)
  4 fauns
  7 cyclopes
  2 ugly things (D:13)
  3 merfolk sirens
  18 elephants
  4 manticores
  An ice statue (IceCv)
  A gargoyle (D:14)
  3 water nymphs
  6 black mambas
  10 cane toads
  An unseen horror (D:11)
  4 efreet (D:14)
  A yaktaur (shapeshifter) (D:14)
  Maggie (Lair:2)
  10 rime drakes
  2 tengu conjurers
  16 komodo dragons
  4 merfolk
  A kobold demonologist (D:13)
  2 wind drakes (Shoals:1)
  7 hornets
  15 polar bears
  6 trolls
  9 blink frogs
  10 slime creatures
  3 dream sheep
  4 snapping turtles (Shoals:1)
  13 spriggans (Lair:6)
  A centaur simulacrum (D:13)
  2 shadows
  3 wraiths (Lair:6)
  4 wyverns
  A culicivora (Lair:4)
  3 water elementals
  A steam dragon (D:10)
  46 yaks
  Grum (D:8)
  4 basilisks
  14 water moccasins
  3 acid dragons
  2 wargs (D:10)
  13 orc warriors
  9 black bears
  2 ice beasts
  A sky beast (D:6)
  4 boggarts (Lair:6)
  36 wolves
  An ogre (D:11)
  12 centaurs
  2 phantoms
  4 kobold brigands (D:5)
  2 gnoll sergeants
  12 bullfrogs
  A scorpion (D:6)
  14 killer bees
  8 howler monkeys
  A gnoll shaman (D:4)
  2 hounds
  10 jellies
  9 orc priests
  4 iguanas
  Terence (D:3)
  A hell rat (Sewer)
  14 orc wizards
  Robin (D:2)
  15 gnolls
  11 adders
  3 river rats (Sewer)
  2 white imps
  2 ufetubi
  4 worms
  3 dart slugs (D:1)
  74 orcs
  12 ball pythons
  14 endoplasms
  7 giant cockroaches
  12 goblins
  10 hobgoblins
  6 jackals (D:3)
  3 quokkas
  3 bats
  5 frilled lizards
  10 kobolds
  14 rats
  A spectral goblin (D:9)
702 creatures vanquished.

Vanquished Creatures (collateral kills)
  A merfolk siren (Shoals:2)
  An endoplasm (D:5)
2 creatures vanquished.

Vanquished Creatures (others)
  A merfolk aquamancer (Shoals:1)
  A faun (Shoals:2)
  2 humans (Lair:6)
  An orc wizard (D:5)
  A bush (Lair:6)
  60 fungi
  163 plants
  7 toadstools (D:5)
236 creatures vanquished.

Grand Total: 940 creatures vanquished

Notes
Turn   | Place    | Note
-------+----------+-------------------------------------------
     0 | D:1      | NateTC the Hill Orc Fighter began the quest for the Orb.
     0 | D:1      | Reached XP level 1. HP: 19/19 MP: 1/1
    33 | D:1      | Reached XP level 2. HP: 26/26 MP: 2/2
   143 | D:1      | Reached XP level 3. HP: 30/31 MP: 3/3
   279 | D:1      | Reached skill level 5 in Axes
   507 | D:1      | Found a faded altar of an unknown god.
  1049 | D:2      | Reached XP level 4. HP: 35/39 MP: 4/4
  1510 | D:2      | Noticed Robin
  1523 | D:2      | Killed Robin
  1821 | D:2      | Reached XP level 5. HP: 45/45 MP: 5/5
  2080 | D:3      | Identified the +8 spear "Bimameko" {spect, Will+ rCorr}
  2136 | D:3      | Noticed Terence
  2141 | D:3      | Killed Terence
  2245 | D:3      | Reached skill level 4 in Fighting
  3000 | D:4      | Reached skill level 1 in Polearms
  3006 | D:4      | Reached XP level 6. HP: 49/52 MP: 6/6
  3045 | D:4      | Noticed a black bear
  3049 | D:4      | Killed a black bear
  3124 | D:4      | Found a glowing drain.
  3138 | D:4      | Reached skill level 5 in Polearms
  3138 | D:4      | Reached XP level 7. HP: 55/59 MP: 7/7
  3146 | Sewer    | Entered a sewer
  3335 | D:4      | Found a staircase to the Ecumenical Temple.
  3345 | Temple   | Entered the Ecumenical Temple
  3520 | Temple   | Became a worshipper of Trog the Wrathful
  3669 | D:4      | You fall into a shaft and drop 2 floors!
  3699 | D:6      | Identified the amulet "Wirchoesi" {Spirit Dex+3}
  3752 | D:5      | Entered Level 5 of the Dungeon
  3982 | D:5      | Reached XP level 8. HP: 66/66 MP: 8/8
  4018 | D:5      | Identified the +2 mace of Quiescent Tortfeasance {vorpal,
                  | Contam rF+ Str+3 Stlth+}
  4193 | D:5      | Reached * piety under Trog
  4219 | D:5      | Noticed a slime creature
  4219 | D:5      | Noticed a slime creature
  4219 | D:5      | Noticed a slime creature
  4228 | D:5      | Killed a slime creature
  4253 | D:5      | Killed a large slime creature
  4254 | D:5      | Reached XP level 9. HP: 12/71 MP: 2/9
  4702 | D:5      | Found a broken altar of Ashenzari.
  4702 | D:5      | Found a glowing golden altar of the Shining One.
  4894 | D:4      | Reached skill level 5 in Fighting
  5295 | D:6      | Reached skill level 6 in Fighting
  5388 | D:6      | Reached skill level 7 in Fighting
  5741 | D:7      | Reached ** piety under Trog
  6405 | D:8      | Reached skill level 8 in Fighting
  6487 | D:8      | Noticed a hornet
  6490 | D:8      | Paralysed by a hornet for 2 turns
  6499 | D:8      | Killed a hornet
  6662 | D:8      | Reached skill level 9 in Fighting
  7141 | D:8      | Reached skill level 10 in Fighting
  7141 | D:8      | Reached XP level 10. HP: 93/93 MP: 10/10
  7148 | D:8      | Reached skill level 5 in Shields
  7178 | D:8      | Noticed Grum
  7191 | D:8      | Killed Grum
  8260 | D:9      | Found a runed translucent door.
  8334 | D:9      | Found a stormy altar of Qazlal.
  8390 | D:9      | Reached skill level 5 in Armour
  8421 | D:9      | Found a hazy altar of Hepliaklqana.
  8538 | D:9      | Found a staircase to the Lair.
  8590 | D:9      | Reached *** piety under Trog
  8595 | D:9      | Reached XP level 11. HP: 98/99 MP: 11/11
  8962 | D:9      | Found a blossoming altar of Fedhas.
  9037 | D:9      | Found a glowing silver altar of Zin.
  9274 | D:9      | Found a roughly hewn altar of Beogh.
  9277 | D:9      | Reached **** piety under Trog
  9396 | D:10     | Entered Level 10 of the Dungeon
  9705 | D:10     | Found a staircase to the Orcish Mines.
  9869 | D:10     | Noticed a two-headed ogre
  9876 | D:10     | Killed a two-headed ogre
  9877 | D:10     | Reached skill level 11 in Fighting
  9984 | D:10     | Noticed a two-headed ogre
  9993 | D:10     | Killed a two-headed ogre
  9994 | D:10     | Reached skill level 12 in Fighting
 10451 | Lair:1   | Entered Level 1 of the Lair of Beasts
 10906 | Lair:1   | Reached skill level 13 in Fighting
 11260 | Lair:2   | Found a staircase to the Shoals.
 11271 | Lair:2   | Noticed a death yak
 11274 | Lair:2   | Noticed a death yak
 11274 | Lair:2   | Noticed a death yak
 11275 | Lair:2   | Noticed a death yak
 11275 | Lair:2   | Noticed a death yak
 11276 | Lair:2   | Noticed a death yak
 11282 | Lair:2   | Killed a death yak
 11283 | Lair:2   | Reached XP level 12. HP: 111/116 MP: 12/12
 11291 | Lair:2   | Killed a death yak
 11292 | Lair:2   | Reached skill level 14 in Fighting
 11299 | Lair:2   | Killed a death yak
 11303 | Lair:2   | Killed a death yak
 11311 | Lair:2   | Killed a death yak
 11312 | Lair:2   | Reached skill level 15 in Fighting
 11328 | Lair:2   | Killed a death yak
 11333 | Lair:2   | Reached ***** piety under Trog
 11395 | Lair:2   | Reached skill level 16 in Fighting
 11432 | Lair:2   | Reached skill level 1 in Evocations
 11577 | Lair:2   | Noticed Maggie
 11588 | Lair:2   | Killed Maggie
 11683 | Lair:2   | Reached skill level 5 in Evocations
 11773 | Lair:2   | Reached XP level 13. HP: 98/129 MP: 11/13
 11943 | Lair:2   | Noticed Nergalle
 11953 | Lair:2   | Killed Nergalle
 12312 | Lair:3   | Received a gift from Trog
 12958 | Lair:3   | Noticed Urug
 12970 | Lair:3   | Killed Urug
 13305 | Lair:4   | Found a hole to the Spider Nest.
 13308 | Lair:4   | Reached skill level 10 in Shields
 14381 | Lair:5   | Reached skill level 10 in Armour
 14573 | Lair:5   | Reached XP level 14. HP: 137/137 MP: 14/14
 14883 | Lair:5   | Identified the +8 scimitar "Cahoonki" {freeze, Int+3 Dex+4
                  | SInv}
 14890 | Lair:5   | Found the ring of Shadows {Umbra +Inv Stlth+}
 15439 | Lair:6   | Entered Level 6 of the Lair of Beasts
 15440 | Lair:6   | Noticed Josephine
 15457 | Lair:6   | Killed Josephine
 15513 | Lair:6   | Noticed Rupert
 15527 | Lair:6   | Killed Rupert
 15632 | Lair:6   | Received a gift from Trog
 15636 | Lair:6   | Reached skill level 17 in Fighting
 16021 | Lair:6   | Found a transporter.
 16027 | Lair:6   | Noticed IEatYoBabies's ghost (journeyman OpVM)
 16038 | Lair:6   | Noticed Kirke
 16050 | Lair:6   | Killed Kirke
 16051 | Lair:6   | Reached skill level 18 in Fighting
 16089 | Lair:6   | Found a frozen archway.
 16105 | IceCv    | Entered an ice cave
 16266 | IceCv    | Reached skill level 19 in Fighting
 16476 | IceCv    | Noticed a frost giant
 16503 | IceCv    | Killed a frost giant
 16931 | IceCv    | Reached XP level 15. HP: 125/155 MP: 12/15
 17355 | Lair:6   | Found a runed translucent door.
 17356 | Lair:6   | Found a viscous altar of Jiyva.
 17361 | Lair:6   | Found a staircase to the Slime Pits.
 17607 | Lair:6   | Found a transporter.
 18204 | D:11     | Reached skill level 20 in Fighting
 18216 | D:11     | Reached skill level 1 in Dodging
 18281 | D:11     | Found a runed translucent gate.
 18281 | D:11     | Found a runed translucent gate.
 18282 | D:11     | Found a runed translucent gate.
 18356 | D:11     | Noticed happo123's ghost (journeyman GrEE)
 18424 | D:11     | Found a roughly hewn altar of Beogh.
 18429 | D:11     | Received a gift from Trog
 18769 | D:12     | Found a transporter.
 18856 | D:12     | Found a transporter.
 18858 | D:12     | Noticed jlumianski's ghost (journeyman DsFi)
 18910 | D:12     | Noticed Sonja
 18915 | D:12     | Killed Sonja
 19679 | D:12     | Reached skill level 5 in Dodging
 20049 | D:13     | Found Warraly's Weapon Boutique.
 20212 | D:13     | Found a gate to the Vaults.
 20259 | D:13     | Identified the +8 battleaxe "Doogixt" {vorpal, Stlth+}
                  | (Trog gifted it to you on level 13 of the Dungeon)
 20259 | D:13     | Received a gift from Trog
 21111 | D:13     | Identified a scroll of acquirement
 21111 | D:13     | Acquired a manual of Armour
 21252 | D:14     | Noticed Agnes
 21263 | D:14     | Killed Agnes
 21420 | D:14     | Found an iron altar of Okawaru.
 21647 | D:14     | Noticed Roxanne
 21674 | D:14     | Killed Roxanne
 21972 | D:14     | Identified the ring "Dass" {rPois Str+5 Int+3 Dex-3}
 22297 | Shoals:1 | Entered Level 1 of the Shoals
 22297 | Shoals:1 | Noticed Frances
 22313 | Shoals:1 | Gained mutation: You are dopey. (Int -2) [a neqoxec]
 22318 | Shoals:1 | Killed Frances
 22608 | Shoals:1 | Reached XP level 16. HP: 163/163 MP: 16/16
 22621 | Shoals:1 | Found Udworen's General Store.
 22631 | Shoals:1 | Bought a scroll of enchant armour for 120 gold pieces
 22631 | Shoals:1 | Bought a scroll of identify for 32 gold pieces
 22677 | Lair:2   | Reached skill level 15 in Armour
 23533 | Shoals:1 | Received a gift from Trog
 23575 | Shoals:1 | Found Apatsel's Weapon Shoppe.
 23590 | Shoals:1 | Identified the +8 war axe of the Gnashing Gods {freeze,
                  | rF++}
 24449 | Shoals:1 | Reached XP level 17. HP: 170/170 MP: 17/17
 24628 | Shoals:2 | HP: 6/255 [water elemental (8)]
 24628 | Shoals:2 | HP: 2/255 [snapping turtle (4)]
 24634 | Shoals:2 | HP: 6/255 [merfolk/+0 trident (7)]
 24641 | Shoals:2 | HP: 12/255 [snapping turtle (13)]
 24644 | Shoals:2 | HP: 5/255 [snapping turtle (13)]
 24647 | Shoals:2 | Shot with an arrow by a satyr

Illustrated notes

Levels and vault maps discovered:
D:1:      onia_arrival_pyramid, layout_basic, basic_ecumenical_altar,
          minmay_hexomino_u4
D:2:      layout_basic, st_stairs_8, uniq_robin
D:3:      layout_basic, uniq_terence
D:4:      layout_rooms, minmay_temple_entry_nine_rooms, gup_sewer_entry_bowl,
          roderic_lattice_a
D:5:      cheibrodos_fertilizer, layout_basic, mainiacjoe_overflow_divided_tiny
D:6:      layout_layer_cave
D:7:      layout_cave_pools, minivault_23
D:8:      layout_basic, serial_co_window_serial, co_window_of_opportunity_a,
          co_window_corner_a, co_window_corner_a, co_window_paths_a,
          co_window_corner_a, co_window_broadway_b, co_window_cross_3,
          co_window_corner_b, co_window_sun, glass_columns_b, glass_columns_b,
          glass_columns_a, glass_columns_c, due_unseen_surprise, uniq_grum
D:9:      layout_roguey, nicolae_hepliaklqana_monster_ancestors,
          nicolae_qazlal_eye_of_the_storm, mainiacjoe_overflow_two_lobes,
          due_lair_maze_entry_diamond, lightli_church_of_beogh
D:10:     layout_roguey, david_orc_1_choice, kennysheep_dice
D:11:     layout_basic, maelrawn_ghost_gauntlet_escape, special_room
          [special_room_orc]
D:12:     layout_roguey, nzn_ghost_randoct, uniq_sonja
D:13:     layout_loops_ring, lightli_vaults_fourway_checkpoint, special_room
          [special_room_orc], serial_shops, nicolae_shop_bloodbath_and_beyond
D:14:     layout_basic, gauntlet_entry_generic, okawaru_metal_pillars_1_2,
          grunt_ministairs_4, minmay_variable_closet, uniq_agnes, uniq_roxanne
Temple:   regret_index_temple_sphere_string
Lair:1:   layout_regular_city, minivault_11, grunt_megastairs_1
Lair:2:   minmay_lair_venomous_thicket, layout_hall_layers, shoals_dummy_entry,
          serial_bayou_shore_b, uniq_maggie, uniq_nergalle
Lair:3:   layout_cave_pods, uniq_urug
Lair:4:   layout_regular_city, hellmonk_spider_entry_life_and_decay,
          chequers_serial_rivers_marsh
Lair:5:   layout_regular_city
Lair:6:   minmay_lair_end_enchanted_forest, layout_regular_city, slime_altar_2,
          portal_ice_cave_rime, gammafunk_ghost_berserking_beasts,
          grunt_forest_small_clearings, uniq_rupert, uniq_josephine, uniq_kirke
Shoals:1: cheibrodos_shoals_three_sisters, layout_shoals, serial_shops,
          nicolae_shop_hallway_plus, shop, uniq_frances
Shoals:2: layout_shoals, ebering_ghost_disaster_area

Skill      XL: |  1  2  3  4  5  6  7  8  9 10 11 12 13 14 15 16 17 |
---------------+----------------------------------------------------+-----
Axes           | 3 4 5 6 7 |  7.0
Fighting       | 4 10 13 16 19 20 | 20.3
Polearms       | 2 5 7 11 | 11.3
Shields        | 7 12 | 12.1
Armour         | 7 9 10 12 14 18 | 18.0
Evocations     | 6 8 9 |  9.0
Dodging        | 7 8 |  8.4

Action                   |  1- 3 |  4- 6 |  7- 9 | 10-12 | 13-15 | 16-18 || total
-------------------------+-------+-------+-------+-------+-------+-------++-------
Melee: War axe           |    81 |    39 |       |       |       |       ||   120
       Spear             |       |    49 |   193 |   464 |  1188 |   251 ||  2145
Invok: Berserk           |       |       |       |     1 |     6 |       ||     7
       Trog's Hand       |       |       |       |       |     6 |     2 ||     8
       Brothers in Arms  |       |       |       |       |     1 |     1 ||     2
  Use: Scroll            |     5 |     3 |     5 |     8 |    10 |     7 ||    38
       Potion            |       |     1 |       |       |     1 |    19 ||    21
 Stab: Distracted        |       |       |     4 |     5 |    19 |     7 ||    35
       Petrified         |       |       |       |       |     5 |       ||     5
Armor: Scale mail        |    36 |    31 |       |       |       |       ||    67
       Chain mail        |       |     7 |    76 |    29 |       |       ||   112
       Plate armour      |       |       |       |    50 |   286 |    90 ||   426
       Skin              |       |       |       |       |       |    64 ||    64
Dodge: Dodged            |    43 |    32 |    29 |    69 |   210 |    65 ||   448
Block: Buckler           |    21 |    14 |     8 |       |       |       ||    43
       Kite shield       |       |       |     9 |    79 |   340 |   113 ||   541

Table legend: (Time is in decaauts)
 A = Elapsed time spent in this place.
 B = Non-inter-level travel time spent in this place.
 C = Inter-level travel time spent in this place.
 D = Time resting spent in this place.
 E = Time spent auto-exploring this place.
 F = Levels seen in this place.
 G = Mean time per level.
                   A        B        C        D        E       F      G
               +--------+--------+--------+--------+--------+-----+--------+
         Total |  23947 |  22852 |   1095 |   5645 |   7216 |  25 |  957.9 |
       Dungeon |  14038 |  13275 |    763 |   3039 |   4185 |  14 | 1002.7 |
        Temple |    203 |    141 |     62 |      0 |    125 |   1 |  203.0 |
          Lair |   6604 |   6354 |    250 |   1264 |   2352 |   6 | 1100.7 |
        Shoals |   1887 |   1868 |     19 |    742 |    387 |   2 |  943.5 |
         Sewer |     70 |     70 |      0 |      0 |      0 |   1 |   70.0 |
      Ice Cave |   1142 |   1142 |      0 |    598 |    167 |   1 | 1142.0 |
               +--------+--------+--------+--------+--------+-----+--------+

Top non-repeatable levels by time:
Shoals:1: 1785 daAuts
     D:8: 1567 daAuts
     D:9: 1441 daAuts
  Lair:6: 1341 daAuts
  Lair:2: 1338 daAuts
    D:13: 1317 daAuts
  Lair:4: 1184 daAuts
   IceCv: 1142 daAuts
     D:2: 1139 daAuts
  Lair:5: 1100 daAuts
     D:5: 1094 daAuts
    D:10: 1074 daAuts
    D:12: 1033 daAuts
    D:14: 1008 daAuts
     D:1: 965 daAuts
